 Dungeon Crawl Stone Soup version 0.29.0-11-gd7f09526c8 (webtiles) character file.

Game seed: 6799590098356642322

46 GigaChad the Shield-Bearer (level 3, -3/33 HPs)
             Began as a Minotaur Fighter on Sept 7, 2022.
             Was a Follower of Jiyva.
             Succumbed to a kobold's poison
             ... on level 3 of the Dungeon.
             The game lasted 00:06:40 (1581 turns).

GigaChad the Shield-Bearer (Minotaur Fighter)       Turns: 1581, Time: 00:06:41

Health: -3/33      AC:  7    Str: 22    XL:     3   Next: 44%
Magic:  2/2        EV:  9    Int:  5    God:    Jiyva [*.....]
Gold:   24         SH:  0    Dex:  9    Spells: 2/2 levels left

rFire   . . .      SeeInvis .   a - +0 long sword
rCold   . . .      Faith    .   c - +0 buckler
rNeg    . . .      Spirit   .   b - +0 scale mail
rPois   .          Reflect  .   (helmet restricted)
rElec   .          Harm     .   (no cloak)
rCorr   .          Rampage  .   (no gloves)
Will    .....                   (no boots)
Stlth   ..........              (no amulet)
HPRegen 0.91/turn               j - ring of flight
MPRegen 0.33/turn               (no ring)

@: confused, lethally poisoned (-3 -> -15), flying
A: horns 2, retaliatory headbutt
a: Renounce Religion


You were on level 3 of the Dungeon.
You worshipped Jiyva.
Jiyva was aware of your devotion.
You visited 1 branch of the dungeon, and saw 3 of its levels.

You collected 24 gold pieces.

Inventory:

Hand Weapons
 a - a +0 long sword (weapon)
Armour
 b - a +0 scale mail (worn)
 c - a +0 buckler (worn)
Jewellery
 j - a ring of flight (left hand)
Scrolls
 g - a scroll of identify
 h - a scroll of amnesia
Potions
 d - 2 potions of might
 e - a potion of attraction {unknown}
 f - 2 potions of curing {unknown}
 i - a potion of haste {unknown}
 k - a potion of cancellation {unknown}


   Skills:
 + Level 4.1 Fighting
 + Level 2.9 Long Blades
 + Level 4.1 Armour
 + Level 0.4 Dodging
 + Level 4.2 Shields


You had 2 spell levels left.
You didn't know any spells.
Your spell library was empty.

Dungeon Overview and Level Annotations

Branches:
Dungeon (3/15)

Altars:
Jiyva


Innate Abilities, Weirdness & Mutations

You have a pair of horns on your head.
You reflexively headbutt those who attack you in melee.


Message History

You hit the ball python.
You kill the ball python!
The kobold throws a poisoned dart.
The poisoned dart hits you!
You are poisoned.
Something hits you but does no damage.
You closely miss something. Your headbutt misses something.
You feel very sick. Something hits you.
You miss something.
You feel sick.
You hear some strange, mumbled words.
A magic dart appears from out of thin air!
The magic dart hits you.
You closely miss something. Your headbutt misses something.
You feel sick. Something hits you but does no damage.
You miss something.
You feel sick. Something hits you.
The kobold throws a poisoned dart.
The poisoned dart hits you!
You are more poisoned.
Something hits you.
* * * LOW HITPOINT WARNING * * *
You miss something.
You feel very sick.
The kobold throws a poisoned dart.
You block the poisoned dart.
You hear some strange, mumbled words.
You are confused.
You bump into the rock wall.
You feel sick.
The kobold throws a poisoned dart.
The poisoned dart hits you!
You are lethally poisoned!
Something hits you but does no damage.
You miss something. Your headbutt misses something.
* * * LOW HITPOINT WARNING * * *
You feel very sick. Something hits you.
* * * LOW HITPOINT WARNING * * *
You bump into the rock wall.
* * * LOW HITPOINT WARNING * * *
You feel sick.
The kobold throws a poisoned dart.
The poisoned dart hits you!
You are more poisoned.
Something hits you but does no damage.
You miss something. Your headbutt misses something.
You die...

. #..... #.
#.#..# ..
#....# .##....
..... ... #.#
#@# ##{## #.K.#
#.<.# # #...#
..#
##.####...#...#
...............
...............
##.............


You could see a kobold.

Vanquished Creatures
  An adder (D:2)
  5 bats
  2 endoplasms (D:2)
  2 giant cockroaches (D:1)
  2 goblins (D:1)
  3 hobgoblins
  4 jackals (D:1)
  2 quokkas
  6 ball pythons
  A frilled lizard (D:2)
  3 kobolds
  2 rats
33 creatures vanquished.

Vanquished Creatures (others)
  A hobgoblin (D:2)
1 creature vanquished.

Grand Total: 34 creatures vanquished

Notes
Turn   | Place    | Note
-------+----------+-------------------------------------------
     0 | D:1      | GigaChad the Minotaur Fighter began the quest for the Orb.
     0 | D:1      | Reached XP level 1. HP: 19/19 MP: 0/0
   173 | D:1      | Reached XP level 2. HP: 26/27 MP: 1/1
   831 | D:2      | Reached XP level 3. HP: 33/33 MP: 2/2
   974 | D:2      | Found a faded altar of an unknown god.
   984 | D:2      | Prayed at the altar of an unknown god.
   984 | D:2      | Became a worshipper of Jiyva Jotielux the Shapeless
   984 | D:2      | Reached * piety under Jiyva
  1581 | D:3      | Succumbed to a kobold's poison

Illustrated notes

Levels and vault maps discovered:
D:1:      minmay_arrival_semitransparent, layout_loops_ring,
          minmay_splitting_lines, minmay_misc_feat_square
D:2:      layout_loops_ring, shapermc_ecumenical_altar_totnotflames
D:3:      layout_loops_cross, minmay_cupped, uniq_sigmund

Skill      XL: |  1  2 |
---------------+-------+-----
Shields        | 4 |  4.2
Fighting       | 4 |  4.1
Armour         | 4 |  4.1
Long Blades    | |  2.9
Dodging        | |  0.4

Action                   || total
-------------------------++-------
Melee: Long sword        ||    82
       Headbutt          ||    10
  Use: Scroll            ||     1
Armor: Scale mail        ||    70
Dodge: Dodged            ||    67
Block: Buckler           ||    22
